 Dungeon Crawl Stone Soup version 0.28-a0-79-g444c7a33f5 (webtiles) character file.

Game seed: 5124026845571535125

43 pokeman the Magician (level 3, 0/20 HPs)
             Began as a Deep Elf Hedge Wizard on Aug 3, 2021.
             Slain by Robin (4 damage)
             ... on level 2 of the Dungeon.
             The game lasted 00:02:47 (1729 turns).

pokeman the Magician (Deep Elf Hedge Wizard)        Turns: 1729, Time: 00:02:48

Health: 0/20       AC:  2    Str:  7    XL:     3   Next: 37%
Magic:  7/11       EV: 12    Int: 19    God:
Gold:   47         SH:  0    Dex: 14    Spells: 1/12 levels left

rFire   . . .      SeeInvis .   g - +0 mace (drain)
rCold   . . .      Faith    .   (no shield)
rNeg    . . .      Spirit   .   b - +0 robe
rPois   .          Reflect  .   c - +0 hat
rElec   .          Harm     .   (no cloak)
rCorr   .          Rampage  .   (no gloves)
Will    .....                   (no boots)
Stlth   ++........              i - amulet of regeneration
HPRegen 1.06/turn               (no ring)
MPRegen 0.12/turn               (no ring)

@: no status effects
A: no striking features
a: no special abilities


You were on level 2 of the Dungeon.
You visited 1 branch of the dungeon, and saw 2 of its levels.

You collected 47 gold pieces.

Inventory:

Hand Weapons
 g - a +0 mace of draining (weapon)
Armour
 b - a +0 robe (worn)
 c - a +0 hat (worn)
Jewellery
 i - an amulet of regeneration (around neck)
Scrolls
 a - a scroll of magic mapping {unknown}
 h - 3 scrolls of enchant armour {unknown}
Potions
 d - a potion of brilliance {unknown}
 e - 2 potions of attraction {unknown}
 f - a potion of heal wounds {unknown}
 j - a potion of flight {unknown}


   Skills:
 + Level 0.9 Fighting
 + Level 0.9 Armour
 - Level 2.4 Dodging
 - Level 2.4 Stealth
 * Level 5.2 Spellcasting
 + Level 1.9 Conjurations
 - Level 1.1 Summonings
 - Level 1.1 Translocations


You had one spell level left.
You knew the following spells:

 Your Spells              Type           Power      Damage    Failure   Level
a - Magic Dart            Conj           48%        1d5       5%          1
b - Mephitic Cloud        Conj/Pois/Air  7%         N/A       28%         3
c - Call Imp              Summ           9%         N/A       12%         2
d - Blink                 Tloc           N/A        N/A       12%         2
e - Conjure Flame         Conj/Fire      8%         6-21      24%         3

Your spell library contained the following spells:

 Spells                   Type           Power      Damage    Failure   Level
 Slow                     Hex            4%         N/A       19%         2


Dungeon Overview and Level Annotations

Branches:
Dungeon (2/15)

Altars:

Annotations:
D:2 Robin


Message History

You hit the goblin.
You kill the goblin!
The hobgoblin barely misses you.
Things that are here:
a +0 club; a goblin corpse You closely miss the hobgoblin.
The hobgoblin misses you.
A goblin comes into view. It is wielding a +0 dagger.
The goblin shouts!
You hit the hobgoblin. You drain the hobgoblin.
You kill the hobgoblin!
Robin throws the goblin at you!
A goblin comes into view. It is wielding a +0 dagger.
You hit the goblin.
The goblin is heavily wounded.
The goblin closely misses you. The goblin misses you.
The goblin hits you but does no damage.
You barely miss the goblin.
The goblin is heavily wounded.
Robin barely misses you. The goblin barely misses you. The goblin misses you.
The goblin barely misses you.
You hit the goblin.
You kill the goblin!
You hit the goblin.
The goblin is moderately wounded.
The goblin closely misses you. Robin throws the goblin at you!
The goblin hits you with a +0 dagger.
You hit the goblin.
You kill the goblin!
Robin throws the goblin at you! The goblin hits you but does no damage.
Robin hits you from afar with a +0 trident!
The goblin barely misses you.
You closely miss the goblin.
The goblin is moderately wounded.
Robin hits you from afar with a +0 trident!
* * * LOW HITPOINT WARNING * * *
The goblin hits you but does no damage.
You hit the goblin.
You kill the goblin!
Robin hits you from afar with a +0 trident.
You die...

.............
####......###
#........# #.#..#.#.#
.#......#g#
........#.#
#...#.#.#.#
#######.###.........#
#..)@)...##....##.#.#
##g#####........g)...
#)# ###..#.g### #.#
.... #.#).. #g# ###
#.#.## #)# #.#.#
#.#############.#.#
#...gg.g?.......#.#
###########.....#.#


You could see Robin.

Vanquished Creatures
  A worm (D:2)
  3 dart slugs
  2 endoplasms (D:1)
  9 goblins
  7 hobgoblins
  2 kobolds (D:1)
  A quokka (D:1)
  A ball python (D:1)
  2 frilled lizards (D:1)
  4 rats
32 creatures vanquished.

Notes
Turn   | Place    | Note
-------+----------+-------------------------------------------
     0 | D:1      | pokeman the Deep Elf Hedge Wizard began the quest for the
                  | Orb.
     0 | D:1      | Reached XP level 1. HP: 10/10 MP: 7/7
   365 | D:1      | Reached XP level 2. HP: 9/16 MP: 2/9
  1079 | D:1      | Reached skill level 5 in Spellcasting
  1479 | D:2      | Reached XP level 3. HP: 20/20 MP: 9/11
  1483 | D:2      | Learned a level 3 spell: Mephitic Cloud
  1486 | D:2      | Learned a level 2 spell: Call Imp
  1489 | D:2      | Learned a level 2 spell: Blink
  1493 | D:2      | Learned a level 3 spell: Conjure Flame
  1643 | D:2      | Noticed Robin
  1729 | D:2      | Slain by Robin

Illustrated notes

Levels and vault maps discovered:
D:1:      sevenhm_arrival_forest_fort_large_2, layout_loops_cross
D:2:      layout_basic, shapermc_ecumenical_altar_petra, uniq_robin,
          uniq_sigmund, uniq_terence

Skill      XL: |  1  2 |
---------------+-------+-----
Spellcasting   | 5 |  5.2
Fighting       | |  0.9
Armour         | |  0.9
Dodging        | |  2.4
Stealth        | |  2.4
Conjurations   | |  1.9
Summonings     | |  1.1
Translocations | |  1.1

Action                   || total
-------------------------++-------
Melee: Mace              ||    21
 Cast: Magic Dart        ||    81
 Stab: Sleeping          ||     1
Armor: Robe              ||     9
Dodge: Dodged            ||    33

Table legend: (Time is in decaauts)
 A = Elapsed time spent in this place.
 B = Non-inter-level travel time spent in this place.
 C = Inter-level travel time spent in this place.
 D = Time resting spent in this place.
 E = Time spent auto-exploring this place.
 F = Levels seen in this place.
 G = Mean time per level.
                   A        B        C        D        E       F      G
               +--------+--------+--------+--------+--------+-----+--------+
         Total |   1736 |   1716 |     20 |     20 |   1471 |   2 |  868.0 |
       Dungeon |   1736 |   1716 |     20 |     20 |   1471 |   2 |  868.0 |
               +--------+--------+--------+--------+--------+-----+--------+

Top non-repeatable levels by time:
     D:1: 1410 daAuts
     D:2: 325 daAuts
